 Dungeon Crawl Stone Soup version 0.24.0-123-gd5b16e6ec5 (webtiles) character file.

Game seed: 2658619824035313753, levelgen mode: deterministic

1032 Emblim88 the Sneak (level 8, -2/52 HPs)
             Began as an Octopode Transmuter on Jan 3, 2020.
             Slain by an orc warrior
             ... wielding a +0 flail
              (21 damage)
             ... on level 6 of the Dungeon.
             The game lasted 00:15:24 (6672 turns).

Emblim88 the Sneak (Octopode Transmuter)            Turns: 6672, Time: 00:15:25

Health: -2/52      AC:  2    Str:  9    XL:     8   Next: 23%
Magic:  7/13       EV: 22    Int: 18    God:
Gold:   277        SH:  3    Dex: 17    Spells: 8/14 levels left

rFire    . . .     SeeInvis .     - Unarmed
rCold    . . .     Gourm    .   (shield currently unavailable)
rNeg     . . .     Faith    .   (helmet currently unavailable)
rPois    x         Spirit   .   d - +3 amulet of reflection
rElec    .         Reflect  +   e - ring of resist corrosion
rCorr    +         Harm     .   (no ring)
MR       .....                  (no ring)
Stlth    ++++......             (no ring)
HPRegen  0.17/turn              (no ring)
MPRegen  0.13/turn              (no ring)
                                (no ring)
                                (no ring)

@: spider-form, very slightly contaminated
A: tiny, almost no armour, stealthy swim, (amphibious), 8 rings, (constrict 8)
a: End Transformation


You were on level 6 of the Dungeon.
You were not hungry.
You were a venomous arachnid creature.
You visited 1 branch of the dungeon, and saw 6 of its levels.

You collected 277 gold pieces.

Inventory:

Hand Weapons
 f - a +0 short sword
 s - a +1 flail of protection (melded)
Missiles
 a - 53 arrows
 k - 80 bolts
Armour
 m - a +2 hat (melded)
Jewellery
 d - a +3 amulet of reflection (around neck)
 e - a ring of resist corrosion (left front leg)
Scrolls
 b - 2 scrolls of remove curse
 g - 2 scrolls of teleportation
 h - 2 scrolls of magic mapping
 i - a scroll of noise
 j - a scroll of fear
 l - a scroll of enchant armour
 r - a scroll of amnesia
 v - a scroll of torment {unknown}
 w - a scroll of fog {unknown}
Potions
 n - a potion of heal wounds {unknown}
 o - a potion of flight {unknown}
 p - a potion of ambrosia
 q - a potion of curing
 t - a potion of lignification {unknown}
 u - a potion of magic {unknown}
Comestibles
 c - 6 rations
 x - 3 chunks of flesh


   Skills:
 + Level 3.4 Fighting
 + Level 4.0 Dodging
 * Level 7.0 Stealth
 + Level 4.5 Unarmed Combat
 + Level 3.6 Spellcasting
 + Level 4.0 Transmutations


You had 8 spell levels left.
You knew the following spells:

 Your Spells              Type           Power        Failure   Level  Hunger
a - Beastly Appendage     Tmut           ###...       11%         1    None
b - Sticks to Snakes      Tmut           ###.....     13%         2    ##.....
c - Spider Form           Tmut/Pois      ##........   41%         3    ###....

Your spell library contained the following spells:

 Spells                   Type           Power        Failure   Level  Hunger
 Poisonous Vapours        Pois/Air       #.....       45%         2    ##.....
 Conjure Flame            Conj/Fire      #.......     65%         3    ###....
 Mephitic Cloud           Conj/Pois/Air  #.......     65%         3    ###....
 Ice Form                 Ice/Tmut       ##......     75%         4    ####...
 Blade Hands              Tmut           ###.......   82%         5    ######.
 Freezing Cloud           Conj/Ice/Air   #.........   100%        6    #######
 Ring of Flames           Chrm/Fire      #.........   100%        7    #######


Dungeon Overview and Level Annotations

Branches:
Dungeon (6/15)
 Temple: D:4-7

Altars:
Gozag
Hepliaklqana
Ru

Annotations:
D:3 3 runed translucent doors, mys's ghost, weakling DrTm; serch's ghost, amateur MiBe


Innate Abilities, Weirdness & Mutations

You cannot wear most types of armour.
You are very stealthy in the water. (Stealth+)
((You are amphibious.))
You can wear up to eight rings at the same time.
((You can use your tentacles to constrict eight enemies at once.))
((Your skin changes colour to match your surroundings (Stealth+).))
((Your rubbery body absorbs attacks. (AC +1, EV +1)))


Message History

You grab the orc warrior. You tentacle-slap the orc warrior.
The orc warrior is lightly wounded.
You constrict the orc warrior, but do no damage.
The orc warrior completely misses you.
Casting: Spider Form (safe; 21% risk of failure)
Confirm with . or Enter, or press ? or * to list all spells.
You turn into a venomous arachnid creature.
Your +1 flail of protection melds into your body.
Your +2 hat melds into your body.
Your +1 flail of protection goes still.
You lose your grip on the orc warrior.
The orc warrior misses you.
You hit the orc warrior but do no damage.
The orc warrior is poisoned.
The orc warrior is lightly wounded.
The orc warrior completely misses you.
You closely miss the orc warrior.
The orc warrior is lightly wounded.
The orc zaps a wand.
You are blasted!
Ouch! That really hurt!
The orc warrior hits you with a +0 flail!!
You die...

#.# #.# # #(#
#)# #. #.#
#.# #.. #.#
#.# ##..# #.#
#.# .....##.#
#÷#
#.#.....###.#
#..(....o##.#
#.._.....os.#
#........o###
#....⌠.._.#
#....(.[..#
..._.....##
#........#
#......$##
###.....#
#######


You could see an orc warrior and 2 orcs.

Vanquished Creatures
  A hungry ghost (D:5)
  2 ice beasts (D:5)
  A sky beast (D:5)
  2 scorpions
  A howler monkey (D:5)
  A hound (D:5)
  2 bullfrog skeletons (D:5)
  An orc priest (D:6)
  6 worker ants
  A hound zombie (D:5)
  3 gnolls (D:5)
  4 adders
  2 shadow imps (D:5)
  2 oozes (D:2)
  4 worms
  A dart slug (D:2)
  3 leopard geckos
  3 orcs
  6 giant cockroaches
  5 goblins
  9 hobgoblins
  11 jackals
  7 kobolds
  3 quokkas
  11 bats
  6 frilled lizards
  A quokka skeleton (D:4)
  9 rats
108 creatures vanquished.

Notes
Turn   | Place    | Note
-------+----------+-------------------------------------------
     0 | D:1      | Emblim88 the Octopode Transmuter began the quest for the
                  | Orb.
     0 | D:1      | Reached XP level 1. HP: 13/13 MP: 3/3
   103 | D:1      | Reached skill level 1 in Stealth
   172 | D:1      | Reached XP level 2. HP: 8/18 MP: 3/5
  1038 | D:1      | Learned a level 2 spell: Sticks to Snakes
  1094 | D:1      | Reached XP level 3. HP: 23/23 MP: 6/6
  1484 | D:2      | Reached skill level 2 in Stealth
  2070 | D:2      | Reached XP level 4. HP: 12/29 MP: 5/7
  2338 | D:2      | Reached skill level 3 in Stealth
  2950 | D:3      | Reached XP level 5. HP: 32/34 MP: 6/8
  3656 | D:3      | Found a runed translucent gate.
  3656 | D:3      | Found a runed translucent gate.
  3656 | D:3      | Found a runed translucent gate.
  3656 | D:3      | Noticed serch's ghost (amateur MiBe)
  3661 | D:3      | Learned a level 3 spell: Spider Form
  3661 | D:3      | Noticed mys's ghost (weakling DrTm)
  4183 | D:4      | Reached skill level 4 in Stealth
  4448 | D:4      | Reached XP level 6. HP: 23/39 MP: 8/10
  4915 | D:5      | Entered Level 5 of the Dungeon
  5323 | D:5      | Reached skill level 5 in Stealth
  5366 | D:5      | Reached XP level 7. HP: 29/45 MP: 8/11
  5452 | D:5      | HP: 2/45 [ice beast (5)]
  5461 | D:5      | Reached skill level 6 in Stealth
  5761 | D:5      | Noticed a hungry ghost
  6087 | D:5      | Killed a hungry ghost
  6087 | D:5      | Reached XP level 8. HP: 34/52 MP: 10/13
  6232 | D:5      | Reached skill level 7 in Stealth
  6587 | D:6      | Found an opulent altar of Gozag.
  6591 | D:6      | Found a sacrificial altar of Ru.
  6591 | D:6      | Found a hazy altar of Hepliaklqana.
  6672 | D:6      | Slain by an orc warrior

Levels and vault maps discovered:
D:1:      scummos_arrival_forest, layout_basic
D:2:      layout_loops_corners, first_ration, minmay_misc_feat_ornament
D:3:      layout_loops_cross, gammafunk_ghost_cemetery, minmay_door_square,
          minmay_checkerbox
D:4:      kennysheep_six_static_rooms, layout_loops_ring, due_unseen_surprise
D:5:      layout_cave_pods
D:6:      layout_loops_ring, grunt_temple_overflow_open, kennysheep_slug_shrine,
          minmay_temple_entry_slanted, minmay_misc_feat_room

Skill      XL: |  1  2  3  4  5  6  7  8 |
---------------+-------------------------+-----
Stealth        | 1 2 3 4 5 6 7 |  7.0
Fighting       | 2 3 |  3.4
Transmutations | 3 4 |  4.0
Dodging        | 3 4 |  4.0
Spellcasting   | 3 |  3.6
Unarmed Combat | 4 |  4.5

Action                   |  1- 3 |  4- 6 |  7- 9 || total
-------------------------+-------+-------+-------++-------
Melee: Unarmed           |    37 |    23 |    60 ||   120
       Constrict         |    20 |    30 |    10 ||    60
       Tentacles         |     9 |    23 |     4 ||    36
       Short sword       |    53 |   123 |       ||   176
       Kick              |     3 |    20 |       ||    23
       Punch             |     1 |     3 |     3 ||     7
       Flail             |       |     1 |    27 ||    28
 Cast: Beastly Appendage |     6 |    10 |       ||    16
       Sticks to Snakes  |       |     6 |       ||     6
       Spider Form       |       |     3 |     6 ||     9
  Use: Scroll            |       |     8 |       ||     8
       Potion            |       |     1 |     3 ||     4
 Stab: Sleeping          |    10 |    10 |     3 ||    23
  Eat: Chunk             |     4 |     7 |     5 ||    16
       Ration            |       |     1 |     1 ||     2
Armor: Skin              |     7 |    11 |     5 ||    23
Dodge: Dodged            |    45 |    84 |    57 ||   186
Block: Other             |       |       |     6 ||     6
